Cogmind - Beta 17 @@@ ROGUE MODE // 2026.07.03 @ 22:17:09 Player: e-g21 Result: Destroyed by YC-TQ8(R) with Subdweller Machine Gun Performance ------------- Evolutions (0) 0 Regions Visited (3) 600 Robots Destroyed (27) 135 Value Destroyed (718) 718 Prototype IDs (5) 100 Alien Tech Used (0) 0 Bonus (0) 0 TOTAL SCORE: 1553 Bonus ------- None Cogmind --------- Core Integrity 0/250 Matter 279/300 Energy 125/125 System Corruption 8% Temperature Cool (0) Movement Treading (160) Location -10/Subcaves Parts ------- > --- POWER (1) -------- Light Ion Engine > --- PROPULSION (2) --- Improved Treads Improved Treads > --- UTILITY (2) ------ Medium Storage Unit Signal Interpreter > --- WEAPON (2) ------- Assault Rifle Light Assault Rifle > --- INVENTORY (10) --- Light Treads Light Treads Improved Treads Heavy Explosive Trap Heavy Explosive Trap Heavy Explosive Trap Heavy Explosive Trap Heavy Explosive Trap Peak State ------------ > --- POWER ------------ Light Nuclear Core > --- PROPULSION ------- Improved Treads Improved Treads > --- UTILITY ---------- Medium Storage Unit Signal Interpreter > --- WEAPON ----------- Assault Rifle Light Assault Rifle > --- INVENTORY -------- Light Treads Light Treads Improved Treads Improved Treads High-capacity Matter Pod Assault Rifle Light Cannon Mining Laser [Rating: 12] Favorites ----------- Power Light Ion Engine Engine Light Ion Engine Power Core Light Nuclear Core Propulsion Improved Treads Treads Improved Treads Utility Medium Storage Unit Storage Medium Storage Unit Processor Signal Interpreter Protection Light Armor Plating Weapon Light Assault Rifle Ballistic Gun Light Assault Rifle Ballistic Cannon Light Cannon Special Weapon Mining Laser Build | -11 -10 -10 -10 ------- Run | Yrd Mat Min Sub Slots Evolved . | . . . . Power . | . . . . Propulsion . | . . . . Utility . | . . . . Weapon . | . . . . Parts Attached 21 | 6 10 5 . Power 4 | 1 2 1 . Engine 3 | 1 1 1 . Core 1 | . 1 . . Reactor . | . . . . Propulsion 6 | 2 4 . . Treads 6 | 2 4 . . Leg . | . . . . Wheel . | . . . . Hover . | . . . . Flight . | . . . . Utility 6 | 1 2 3 . Device . | . . . . Storage 4 | 1 1 2 . Processor 1 | . . 1 . Hackware . | . . . . Protection 1 | . 1 . . Artifact . | . . . . Weapon 5 | 2 2 1 . Energy Gun . | . . . . Energy Cannon . | . . . . Ballistic Gun 3 | 2 1 . . Ballistic Cannon 1 | . . 1 . Launcher . | . . . . Special Weapon 1 | . 1 . . Impact Weapon . | . . . . Slashing Weapon . | . . . . Piercing Weapon . | . . . . Special Melee Weapon . | . . . . Unidentified Prototypes . | . . . . Parts Lost 6 | . 1 3 2 Power 2 | . 1 1 . Propulsion 1 | . . . 1 Utility 1 | . . 1 . Weapon 2 | . . 1 1 Highest Loss Streak 2 | . 1 2 1 To Critical Strikes . | . . . . Average Backups 5 | . 4 5 4 Power . | . . . . Propulsion 3 | . 2 3 3 Utility . | . . . . Weapon 1 | . 2 1 1 Tool/Special . | . . . . Unused Backups 2 | . 1 . 1 Power . | . . . . Propulsion . | . . . . Utility . | . . . . Weapon 2 | . 1 . 1 Tool/Special . | . . . . Average Slot Usage (%) 93 | . 88 96 100 Engine 8 | . 6 8 14 Core 4 | . 6 2 . Treads 27 | . 27 28 28 Storage 14 | . 14 14 14 Processor 6 | . . 13 14 Protection 2 | . 4 . . Ballistic Gun 21 | . 27 18 14 Ballistic Cannon 5 | . . 9 14 Peak Build Rating 12 | 6 11 12 10 Average Rating 9 | 4 8 9 9 On Entrance 6 | . 6 11 10 Avg Prop Armor Cover (%) . | . . . . Naked Turns . | . . . . Heaviest Build 21 | 11 21 18 17 Greatest Support 46 | 40 46 46 46 Greatest Overweight (x) 2 | . 2 . . Average Overweight (x) . | . . . . Largest Inventory Capacity 10 | 8 10 10 10 Average Capacity 9 | 7 9 9 10 Most Carried 10 | 3 8 10 10 Average Carried 6 | 1 4 8 9 Final Capacity 10 | 8 10 10 10 Final Carried 10 | 2 7 10 8 Class Distribution -------------------- 100% | Mutant Dominant Class ---------------- Mutant | -10/Materials Mutant | -10/Mines Mutant | -10/Subcaves Resources | -11 -10 -10 -10 ----------- Run | Yrd Mat Min Sub Matter Collected 936 | 142 427 269 98 Remotely . | . . . . Salvage Created 824 | 23 372 227 202 Parts 68 | 2 28 16 22 Haulers Intercepted . | . . . . Recyclers Shooed . | . . . . Parts Field Recycled . | . . . . Retrieved Matter . | . . . . Parts Self-Destructed 9 | . . . 9 Prevented . | . . . . Parts Restored . | . . . . Kills | -11 -10 -10 -10 ------- Run | Yrd Mat Min Sub Combat Hostiles Destroyed 25 | . 12 8 5 Guns 20 | . 12 6 2 Cannons 5 | . . 2 3 Classes Destroyed 6 | 1 3 1 1 Tunneler 1 | 1 . . . Watcher 2 | . 2 . . Swarmer 9 | . 6 3 . Grunt 10 | . 6 4 . Subdweller 5 | . . . 5 Assembled 1 | . . 1 . Best Kill Streak 7 | 1 7 3 2 Combat Bots Only 7 | . 7 3 2 Max Kills in Single Turn 1 | 1 1 1 1 Gunslinging . | . . . . Exploded . | . . . . Melee . | . . . . Uniques/NPCs Destroyed . | . . . . Combat | -11 -10 -10 -10 -------- Run | Yrd Mat Min Sub Hostile Shots Fired 145 | . 85 43 17 Missed 37 | . 23 11 3 Hits 108 | . 62 32 14 Melee 6 | . . 6 . Projectile 102 | . 62 26 14 Critical Strikes 1 | . . . 1 Damage Taken 1450 | . 607 485 358 Core 250 | . 86 92 72 Absorbed by Shields . | . . . . Regen/Repaired (Parts) 213 | . 213 . . Core Remaining (%) 100 | 100 . . . Volleys Fired 94 | 1 41 36 16 Largest 2 | 2 2 2 2 Hottest 120 | 40 120 120 50 Shots Fired 178 | 2 80 66 30 Gun 150 | 2 77 54 17 Cannon 19 | . . 6 13 Launcher . | . . . . Special 9 | . 3 6 . Kinetic 169 | 2 77 60 30 Thermal 9 | . 3 6 . Explosive . | . . . . Electromagnetic . | . . . . Robot Hit Streak 15 | 1 8 6 15 Robot Miss Streak 4 | . 4 3 1 Penetration Max . | . . . . Secondary Targets 3 | . 3 . . Max Gunslinging Chain 1 | . 1 . . Shots Hit Robots 104 | 1 45 34 24 Core Hits 51 | 1 24 15 11 Critical Kills . | . . . . Critical Parts Destroyed 2 | . 2 . . Critical Strikes 2 | . 2 . . Destroy 2 | . 2 . . Melee Attacks . | . . . . Impact . | . . . . Slashing . | . . . . Piercing . | . . . . Sneak Attacks . | . . . . Combat Hostiles . | . . . . Follow-up Attacks . | . . . . Damage Inflicted 1224 | 12 508 401 303 Guns 988 | 12 508 352 116 Cannons 236 | . . 49 187 Explosions . | . . . . Melee . | . . . . Ramming . | . . . . Kinetic 1224 | 12 508 401 303 Thermal . | . . . . Explosive . | . . . . Electromagnetic . | . . . . Impact . | . . . . Slashing . | . . . . Piercing . | . . . . Highest Corruption 8 | . 2 8 8 Average Corruption 5 | . 2 6 8 Corruption Purged . | . . . . Corruption Blocked . | . . . . Effects 46 | . 9 27 10 Message Errors 8 | . 1 5 2 Matter Fused 6 | . 1 4 1 Heat Flow Errors 9 | . 3 5 1 Energy Discharges 10 | . 2 5 3 Data Loss (minor) 10 | . 2 5 3 Misfires 2 | . . 2 . Weapon Failures 1 | . . 1 . Overload Shots . | . . . . Overflow Damage . | . . . . Projectiles . | . . . . Explosions . | . . . . Melee . | . . . . Knockbacks 2 | . . 1 1 Impact . | . . . . Kinetic 2 | . . 1 1 Secondary . | . . . . Self-Inflicted Damage . | . . . . Shots . | . . . . Rammed . | . . . . Targets Rammed . | . . . . Kicked . | . . . . Crushed . | . . . . Highest Temperature 325 | . 263 325 294 Average Temperature 105 | . 70 122 153 Received Heat Transfer 738 | . 201 186 351 Effects 2 | . . 2 . Energy Bleed 1 | . . 1 . Damage (minor) 1 | . . 1 . Siege Activations . | . . . . Martial Activations . | . . . . Shielding Activations . | . . . . Robots Disrupted . | . . . . Combat Hostiles . | . . . . Robots Corrupted . | . . . . Combat Hostiles . | . . . . Parts Fried . | . . . . Impact Corruptions . | . . . . Robots Melted . | . . . . Combat Hostiles . | . . . . Parts Melted . | . . . . Heat Transferred . | . . . . Parts Sabotaged . | . . . . Parts Stolen . | . . . . Parts Stripped . | . . . . Power Chain Reactions . | . . . . Alert | -11 -10 -10 -10 ------- Run | Yrd Mat Min Sub Maximum Alert Level . | . . . . Low Security (%) 100 | 100 100 100 . Level 1 . | . . . . Level 2 . | . . . . Level 3 . | . . . . Level 4 . | . . . . Level 5 . | . . . . High Security . | . . . . Max Security . | . . . . Peak Influence 161 | 5 161 70 . Initial . | . . . . Average 26 | . 41 8 . Influence Increases 530 | 5 354 171 . Destroy 0b10 Robot/C 380 | . 240 140 . Destroy 0b10 Robot/NC 15 | 5 10 . . Destroy Leader 94 | . 64 30 . Successful Hack 25 | . 25 . . Disable Machine 15 | . 15 . . Destroy Structure 1 | . . 1 . Influence Decreases 530 | 5 354 171 . Time Decay 509 | 5 344 160 . Lost Part 21 | . 10 11 . Squads Dispatched 3 | . 3 . . Investigation 1 | . 1 . . Extermination . | . . . . Reinforcement 2 | . 2 . . Assault . | . . . . Garrison . | . . . . Intercept . | . . . . Searches Triggered . | . . . . Construction Impeded . | . . . . Haulers Reinforced . | . . . . Active Scanning Responses . | . . . . Cargo Convoy Interrupts . | . . . . Stealth | -11 -10 -10 -10 --------- Run | Yrd Mat Min Sub Distress Signals 1 | . 1 . . Communications Jammed . | . . . . Distress Signals . | . . . . Times Spotted 37 | . 23 8 6 Peak Tracking Total 7 | . 7 3 2 Tactical Retreats . | . . . . Traps | -11 -10 -10 -10 ------- Run | Yrd Mat Min Sub Traps Triggered 5 | . 4 . 1 Indirectly . | . . . . Trap Hack Attempts . | . . . . Triggered . | . . . . Disarmed . | . . . . Reprogrammed . | . . . . Reused . | . . . . Traps Extracted . | . . . . Installed . | . . . . Triggered . | . . . . Most Traps Carried 5 | . . 5 5 Machines | -11 -10 -10 -10 ---------- Run | Yrd Mat Min Sub Machines Disabled 1 | . 1 . . Max in Single Turn 1 | . 1 . . Machines Repaired . | . . . . Machines Dismantled . | . . . . Machines Sabotaged . | . . . . Overloaded Fab Kills . | . . . . Hacking | -11 -10 -10 -10 --------- Run | Yrd Mat Min Sub Machines Accessed 9 | . 8 . 1 Terminals 6 | . 6 . . Fabricators . | . . . . Repair Stations 1 | . 1 . . Recycling Units 1 | . 1 . . Scanalyzers . | . . . . Garrison Access . | . . . . Total Hacks 26 | . 21 . 5 Successful 21 | . 16 . 5 Failed 5 | . 5 . . Catastrophic . | . . . . Database Lockouts . | . . . . Manual . | . . . . Terminals 14 | . 14 . . Fabricators . | . . . . Repair Stations 6 | . 6 . . Recycling Units 1 | . 1 . . Scanalyzers . | . . . . Garrison Access . | . . . . Terminal Hacks 15 | . 10 . 5 Record 5 | . . . 5 Robot Analysis 1 | . 1 . . Prototype ID Bank 3 | . 3 . . Scanalyzer Index 1 | . 1 . . Locate Traps 2 | . 2 . . Dispatch Records 1 | . 1 . . Maintenance Status 1 | . 1 . . Surveillance Status 1 | . 1 . . Fabricator Hacks . | . . . . Repair Station Hacks 5 | . 5 . . Scan Component 3 | . 3 . . Repair 2 | . 2 . . Recycling Unit Hacks 1 | . 1 . . Report Inventory 1 | . 1 . . Scanalyzer . | . . . . Garrison Access Hacks . | . . . . Unauthorized Hacks . | . . . . Terminals . | . . . . Fabricators . | . . . . Repair Stations . | . . . . Recycling Units . | . . . . Scanalyzers . | . . . . Garrison Access . | . . . . Data Cores Recovered . | . . . . Used . | . . . . Hacking Detections 4 | . 4 . . Full Trace Events 2 | . 2 . . Feedback Events . | . . . . Feedback Blocked . | . . . . Robot Schematics Acquired . | . . . . Robots Built . | . . . . Authchips . | . . . . Time . | . . . . Total Robot Build Rating . | . . . . Part Schematics Acquired . | . . . . Parts Built . | . . . . Authchips . | . . . . Time . | . . . . Total Part Build Rating . | . . . . Part Studies Acquired . | . . . . Parts Repaired 2 | . 2 . . Time 64 | . 64 . . Parts Recycled . | . . . . Recycled Matter . | . . . . Retrieved Matter . | . . . . Retrieved Components . | . . . . Parts Scanalyzed . | . . . . Part Schematics Acquired . | . . . . Parts Damaged . | . . . . Bothacking | -11 -10 -10 -10 ------------ Run | Yrd Mat Min Sub Used RIF Installer . | . . . . Robots Hacked . | . . . . Non-combat . | . . . . Combat . | . . . . Robot Hacks Applied . | . . . . Relay Couplers Released . | . . . . Fabnet Peak Effective % . | . . . . Robots Rewired . | . . . . Allies Hacked . | . . . . Hacks Repelled . | . . . . Allies | -11 -10 -10 -10 -------- Run | Yrd Mat Min Sub Total Allies . | . . . . Largest Group . | . . . . Highest-Rated Group . | . . . . Highest-Rated Ally . | . . . . Total Orders . | . . . . Ally Attacks . | . . . . Total Damage . | . . . . Kills . | . . . . Allies Corrupted . | . . . . Allies Melted . | . . . . Intel | -11 -10 -10 -10 ------- Run | Yrd Mat Min Sub Active Infowar (turns) . | . . . . Robot Analysis Total 1 | . 1 . . Derelict Logs Recovered 4 | . . 2 2 Drone Launches . | . . . . Drone Recoveries . | . . . . Exploration | -11 -10 -10 -10 ------------- Run | Yrd Mat Min Sub Turns Passed 3007 | 61 1427 1090 429 Spaces Moved 1365 | 32 755 362 216 Core 14 | 5 9 . . Treads 1351 | 27 746 362 216 Legs . | . . . . Wheels . | . . . . Hover . | . . . . Flight . | . . . . Fastest Speed 50 | 50 100 160 160 Average Speed 159 | 142 159 160 160 Slowest Speed 160 | 160 160 160 160 Overloaded Moves . | . . . . Propulsion Burnouts . | . . . . Robots Hopped . | . . . . Potential Cave-ins . | . . . . Cave-ins Triggered . | . . . . Exploration Rate (%) 49 | 3 96 84 15 Regions Visited 3 Branch Regions 2 Pre-discovered Areas 2 | . . . 2 Known Exits Taken 1 | . . 1 . Unknown Exits Taken 2 | 1 1 . . Scrap Searched 1 | . . 1 . Spaces Dug . | . . . . Terrain Destroyed 1 | . . 1 . Melee . | . . . . Projectile 1 | . . 1 . AOE . | . . . . Terrain Rammed . | . . . . Walls Destroyed . | . . . . Machines Disabled . | . . . . Actions | -11 -10 -10 -10 --------- Run | Yrd Mat Min Sub Total 2016 | 46 900 800 270 Wait 474 | . 64 376 34 Move 1362 | 31 754 361 216 Hop . | . . . . Pick Up 40 | 8 19 12 1 Fast Attach . | . . . . Attach 20 | 6 9 3 2 Detach 2 | . 2 . . Swap 12 | . 6 6 . Drop 12 | . 5 6 1 Fire 94 | 1 41 36 16 Melee . | . . . . Ram . | . . . . Kick . | . . . . Crush . | . . . . Escape Stasis . | . . . . Rewire . | . . . . Trap . | . . . . Miscellaneous . | . . . . Route ------- -11/Scrapyard -10/Materials (discovered 5 exits: *Mat x3 / [*Min x2]) -10/Mines (discovered 3 exits: *Mat x2 / *Sub) -10/Subcaves (discovered 3 exits: Mat x2 / Rec) History --------- Turn | Location | Event 4 | -11/Scrapyard | Discovered new exit (range 15) 62 | -11/Scrapyard | Entered Materials 139 | -10/Materials | Discovered new exit (range 11) 300 | -10/Materials | Discovered new exit (range 16) 318 | -10/Materials | Build established: Mutant 642 | -10/Materials | Discovered new exit (range 6) 794 | -10/Materials | Destroyed 7 combat bots 979 | -10/Materials | Discovered new exit (range 16) 1144 | -10/Materials | Discovered new exit (range 15) 1437 | -10/Materials | Repaired Imp. Treads 1470 | -10/Materials | Repaired Imp. Treads 1489 | -10/Materials | Entered Mines 1491 | -10/Mines | Met a Derelict bent on vengeance 1518 | -10/Mines | Core integrity fell below 50% 1645 | -10/Mines | Discovered new exit (range 7) 1652 | -10/Mines | Identified exit to Materials 1687 | -10/Mines | Excavation squad dispatched 1687 | -10/Mines | A large section of the Mines collapsed 2037 | -10/Mines | Found a hidden stash of uninstalled traps 2086 | -10/Mines | Learned Materials trap positions 2134 | -10/Mines | Discovered exit to Materials (range 8) 2568 | -10/Mines | Discovered new exit (range 6) 2575 | -10/Mines | Identified exit to Subcaves 2579 | -10/Mines | Entered Subcaves 2580 | -10/Subcaves | Approached by a straggling Scientist 2592 | -10/Subcaves | Learned location of Mines (-9) 2707 | -10/Subcaves | Visited Clippyterm 2712 | -10/Subcaves | Identified exit to Materials 2712 | -10/Subcaves | Identified exit to Recycling 2712 | -10/Subcaves | Learned location of Extension (-5) 2813 | -10/Subcaves | Learned Materials garrison access intel 3007 | -10/Subcaves | Core integrity fell below 20% 3008 | -10/Subcaves | Destroyed by YC-TQ8(R) with Subdweller Machine Gun Last Messages --------------- Dropped Sub. Laser. Acquired derelict log, extracted data. Data stored: Materials garrison access intel. W9-X8A(c): "I think it's somewhere southwest of here" System corrupted: Energy discharge (-45). W9-X8A(c): "I think it's somewhere west of here" System corrupted: Energy discharge (-43). 84-TTD(R) destroyed. Acquired 15 matter. System corrupted: Component data lost. System corrupted: Matter fused (-8). W9-X8A(c): "I think it's somewhere west of here" Acquired 8 matter. Triggered Piercing Trap. Spikes shoot up from the floor. Critical hit (Impale). System corrupted: Component data lost. W9-X8A(c): "I think it's somewhere west of here" TD-Y7X(R) destroyed. Lgt. Cannon destroyed. Map ----- +----------------------------------------------------+ | ?????????????????????????????????????????????????? | | ?????????????????????????????????????????????????? | | ?????????????????????????????????????????????????? | | ?????????????????????????????????????????????????? | | ?????????????????????????????????????????????????? | | ?????????????????????????????????????????????????? | | ?????????????????????????????????????????????????? | | ?????????????????????????????????????????????????? | | ?????????????????????????????????????????????????? | | ?????????????????????????????????????????????????? | | ?????????????????????????????????????????????????? | | ?????????????????????????????????????????????????? | | ?????????????????????????????????????????????????? | | ?????????????????????????????????????????????????? | | ?????????????????##??????????????????????????????? | | ?????????????????" ?????????????????????????????? | | ??????????????? " ?????????????????????????????? | | ??????????????? "" ????????????????????????????? | | ???????????????? " ????????????????????????????? | | ????????????????? " ???????????????????????????? | | ????????????????? " ???????????????????????????? | | ???????????????????" ??????????????????????????? | | ???????????????????? ??????????????????????????? | | ?????????????????????# ?????????????????????????? | | ?????????????????????# ########?????????????????? | | ???????????????????###%*R@##"# #######???????????? | | ???????????????????# =[ "" ##??????????? | | ??????????????????# ^^^ " #??????????? | | ??????????????????# ## c# #??######### | | ??????????????????# % ####### ##### # # # # | | ??????????????????#### # ###### | | ?????????????????????## ^ % | | ??????????????????????# # # ## ## # | | ??????????????????????# ##??#### ############## | | ?????????????????????? #???????## #????????????? | | ?????????????????????# ##?????????###????????????? | | ?????????????????????##??????????????????????????? | | ?????????????????????????????????????????????????? | | ?????????????????????????????????????????????????? | | ?????????????????????????????????????????????????? | | ?????????????????????????????????????????????????? | | ?????????????????????????????????????????????????? | | ?????????????????????????????????????????????????? | | ?????????????????????????????????????????????????? | | ?????????????????????????????????????????????????? | | ?????????????????????????????????????????????????? | | ?????????????????????????????????????????????????? | | ?????????????????????????????????????????????????? | | ?????????????????????????????????????????????????? | | ?????????????????????????????????????????????????? | +----------------------------------------------------+ Best States ------------- Heat Dissipation 25 Energy Generation 14 Energy Capacity 160 Matter Stores 300 Matter Capacity 300 Sight Range 16 Terrain Scan Density 10 Armor Coverage 150 Evasion (%) 40 Recoil Reduction 2 Item Schematics ----------------- None Robot Schematics ------------------ None Fabricated ------------ Nothing Repaired ---------- Imp. Treads | 24% | -10/Materials Imp. Treads | 38% | -10/Materials Studied --------- None Alien Tech Used ----------------- None Achievements -------------- None Challenges ------------ None Game ------ Seed ScimitarGravitonBasin Manual? 0 Play Time 00:24:35 Cumulative 10.2 hours Start 2026.07.03 @ 21:51:09 End 2026.07.03 @ 22:17:09 Sessions 1 Manual Loads 0 Difficulty Rogue Special Mode None Game No. 12 Rogue 12 Adventurer 0 Explorer 0 Win Type - Total 0 Types 0/0/0/0/0/0/0/0/0/0 Lore% 11 Gallery% 11 Achievement% 12 Wizard Run 0 Options --------- Layout 0 ASCII 0 Keyboard 0 Movement Numpad Keybinds 0 Fullscreen 2 Font 24/Smallcaps Map View 76x50 Zoom Use 0% Tactical HUD 0 Map Filters NONE Filters NONE Steam 1 RUN: bcfb9dc8-02f7-4ae4-8168-88bc97a12820